Unix NetHack Version 3.7.0-88 Work-in-progress - last build Aug 6 2023 13:40:22 (5c9c4c7fffe0d5f0a8b1342c2a36a56ed743986a,branch:master). Game began 2023-08-14 14:02:05, ended 2023-08-14 14:48:55. Arasaka, neutral male gnomish Archeologist .. -- -..| .-- --..---..-- ---.....*.... -..@.....<... ............. ............ ..... ... ..- Arasaka the Field Worker St:25 Dx:12 Co:11 In:14 Wi:16 Ch:9 Neutral Dlvl:4 $:32 HP:0(33) Pw:23(23) AC:7 Xp:5/170 T:2852 Satiated Blind Latest messages: With great effort you move the boulder. You miss the lichen. You kill the lichen! Where do you want to travel to? (For instructions type a '?') Where do you want to travel to? (For instructions type a '?') You kill the lichen! Welcome to experience level 5. You feel stealthy! You see here a lichen corpse. There is a lichen corpse here; eat it? [ynq] (n) This lichen corpse tastes okay. You finish eating the lichen corpse. Where do you want to travel to? (For instructions type a '?') You are carrying too much to get through. You are carrying too much to get through. You descend the stairs. What do you want to use or apply? [ae-gquzGJKOT or ?*] Your lamp is now on. You hear rumbling in the distance. V - a magenta potion. You see here 7 rocks. The hobbit wields a sling! W - 2 food rations. The hobbit shoots a rock! You are hit by a rock. You hear rumbling in the distance. The hobbit swings his sling. The hobbit hits! You kill the hobbit! There is a hobbit corpse here; eat it? [ynq] (n) Blecch! Rotten food! Everything suddenly goes dark. It just misses! You stop eating the hobbit corpse. It bites! You feel an unseen monster! It bites! It bites! It bites! It bites! It bites! It bites! It bites! It bites! It bites! It bites! You die... Inventory: Coins ('$') $ - 32 gold pieces Weapons (')') n - an uncursed +0 elven dagger a - an uncursed +2 bullwhip J - the uncursed rustproof +0 Cleaver (weapon in hands) Armor ('[') c - an uncursed +0 fedora (being worn) o - a blessed +1 pair of gauntlets of power (being worn) Q - an uncursed +0 pair of iron shoes b - an uncursed +0 leather jacket (being worn) Comestibles ('%') i - 6 uncursed food rations W - 2 uncursed food rations v - 2 uncursed tripe rations j - an uncursed tin of candied jackal meat Scrolls ('?') R - an uncursed scroll of identify N - a cursed scroll of light Potions ('!') V - an uncursed potion of paralysis Wands ('/') G - an uncursed wand of digging (0:5) u - an uncursed wand of light (0:10) Tools ('(') z - an empty uncursed sack T - an uncursed credit card e - an uncursed leash K - a cursed oil lamp (lit) q - an uncursed +0 pick-axe (alternate weapon; not wielded) O - an uncursed tin whistle f - an uncursed tinning kit (0:68) Gems/Stones ('*') M - an uncursed worthless piece of black glass P - an uncursed worthless piece of orange glass U - 2 uncursed worthless pieces of violet glass x - an uncursed worthless piece of white glass S - an uncursed worthless piece of white glass L - 2 uncursed worthless pieces of yellow glass g - an uncursed touchstone Arasaka the Archeologist's attributes: Background: You were a Field Worker, a level 5 male gnomish Archeologist. You were neutral, on a mission for Camaxtli who was opposed by Quetzalcoatl (lawful) and Huhetotl (chaotic). You were in the Gnomish Mines, on level 4. You entered the dungeon 2852 turns ago. You had 170 experience points, 150 more were needed to attain level 6. Basics: You had 0 out of 33 hit points. You had all 23 energy points (spell power). Your armor class was 7. Your wallet contained 32 zorkmids. Autopickup was on for '$"?' plus thrown, with exceptions. Final Characteristics: Your strength was 25 (base:16, innate limit:18/50). Your dexterity was 12 (limit:18). Your constitution was 11 (limit:18). Your intelligence was 14 (limit:19). Your wisdom was 16 (limit:18). Your charisma was 9 (limit:18). Final Status: You were temporarily blind. You were satiated. You were unencumbered. You were wielding an axe. You were unskilled in axe. Final Attributes: You were piously aligned. You had automatic searching. You had infravision. You were stealthy. You are dead. Miscellaneous: You disabled loading of bones levels. Total elapsed playing time was 15 minutes and 19 seconds. Major events: Turn 1: Arasaka the neutral male gnomish Archeologist entered the dungeon 433: entered the Gnomish Mines 1462: attained the rank of Field Worker (level 3) 2312: was bestowed with Cleaver by Camaxtli 2852: killed by a giant ant Vanquished creatures: 2 shriekers 3 dwarves 2 homunculi a rothe a wererat an acid blob 3 hobbits a large kobold 2 giant rats a cave spider a gnome 2 gnome zombies a gecko 9 jackals 2 goblins a sewer rat 6 grid bugs 9 lichens a kobold zombie 10 newts 59 creatures vanquished. No species were genocided or became extinct. Voluntary challenges: You read items or engraved 6 times. You never engraved Elbereth. You never genocided any monsters. You never polymorphed an object. You never changed form. You used no wishes. Achievements: You entered the Gnomish Mines. You entered a shop. You attained the rank of Field Worker. The Dungeons of Doom: levels 1 to 4 Level 1: Level 2: Stairs down to The Gnomish Mines. Level 3: Many altars, a fountain, a sink, a grave. Level 4: A weapon shop. The Gnomish Mines: levels 3 to 4 Level 3: Level 4: <- You were here. Final resting place for you, killed by a giant ant. Game over: ---------- / \ / REST \ / IN \ / PEACE \ / \ | Arasaka | | 32 Au | | killed by a | | giant ant | | | | | | 2023 | *| * * * | * _________)/\\_//(\/(/\)/\//\/|_)_______ Goodbye Arasaka the Archeologist... You died in The Gnomish Mines on dungeon level 4 with 879 points, and 32 pieces of gold, after 2852 moves. You were level 5 with a maximum of 33 hit points when you died.